 Dungeon Crawl Stone Soup version 0.28.0-47-ge53b351184 (webtiles) character file.

Game seed: 9635923005904838736

44 bobregger the Skirmisher (level 3, -1/61 HPs)
             Began as an Ogre Berserker on May 1, 2022.
             Was a Follower of Trog.
             Slain by a goblin
             ... wielding a +0 club
             ... led by Robin
              (3 damage)
             ... on level 1 of the Dungeon.
             The game lasted 00:01:09 (1571 turns).

bobregger the Skirmisher (Ogre Berserker)           Turns: 1571, Time: 00:01:09

Health: -1/61      AC:  3    Str: 21    XL:     3   Next: 62%
Magic:  3/3        EV: 10    Int:  8    God:    Trog [*.....]
Gold:   18         SH:  0    Dex: 10    Spells: 2/2 levels left

rFire   . . .      SeeInvis .   a - +0 mace
rCold   . . .      Faith    .   (no shield)
rNeg    . . .      Spirit   .   b - +0 animal skin
rPois   +          Reflect  .   (helmet restricted)
rElec   .          Harm     .   (no cloak)
rCorr   .          Rampage  .   (gloves unavailable)
Will    .....                   (boots unavailable)
Stlth   ..........              (no amulet)
HPRegen 0.20/turn               f - ring of poison resistance
MPRegen 0.08/turn               (no ring)

@: berserking, lethally poisoned (-1 -> -6), very quick
A: large, unfitting armour, tough skin 1
a: Renounce Religion, Berserk


You were on level 1 of the Dungeon.
You worshipped Trog.
Trog was aware of your devotion.
You visited 1 branch of the dungeon, and saw 2 of its levels.

You collected 18 gold pieces.

Inventory:

Hand Weapons
 a - a +0 mace (weapon)
Armour
 b - a +0 animal skin (worn)
Jewellery
 f - a ring of poison resistance (left hand)
Scrolls
 c - 2 scrolls of amnesia {unknown}
 e - a scroll of identify {unknown}
 i - a scroll of enchant weapon {unknown}
Potions
 d - a potion of resistance {unknown}
 g - a potion of brilliance {unknown}
 h - a potion of attraction {unknown}


   Skills:
 * Level 4.9 Fighting
 + Level 3.0 Maces & Flails
 * Level 3.3 Dodging


You had 2 spell levels left.
You didn't know any spells.
Your spell library was empty.

Dungeon Overview and Level Annotations

Branches:
Dungeon (2/15)

Altars:

Shops:
D:1 (

Annotations:
D:2 Robin


Innate Abilities, Weirdness & Mutations

You are too large for most types of armour.
You have tough skin. (AC +1)


Message History

The goblin hits you with a +0 club. The hobgoblin hits you.
The goblin hits you with a +0 dagger of venom.
The goblin hits you with a +0 club.
A red film seems to cover your vision as you go berserk!
You feel yourself moving faster!
You feel mighty!
You feel sick. The goblin barely misses you. The hobgoblin hits you.
The goblin hits you but does no damage.
You are more poisoned.
The goblin hits you but does no damage.
You miss the goblin.
You feel very sick. The goblin hits you but does no damage.
The hobgoblin hits you.
* * * LOW HITPOINT WARNING * * *
The goblin misses you. The goblin hits you with a +0 club.
* * * LOW HITPOINT WARNING * * *
You sock the goblin!
You feel the power of Trog in you as your rage grows.
You kill the goblin!
Trog accepts your kill.
* * * LOW HITPOINT WARNING * * *
You feel very sick. The goblin hits you but does no damage.
The hobgoblin hits you.
* * * LOW HITPOINT WARNING * * *
You closely miss the goblin.
* * * LOW HITPOINT WARNING * * *
You feel sick. The goblin closely misses you. x2
You closely miss the goblin.
* * * LOW HITPOINT WARNING * * *
You feel sick.
The hobgoblin hits you but does no damage.
The goblin hits you but does no damage. The goblin misses you.
You sock the goblin!
You kill the goblin!
Trog accepts your kill.
* * * LOW HITPOINT WARNING * * *
You feel sick. The goblin misses you. The hobgoblin barely misses you.
The goblin barely misses you.
* * * LOW HITPOINT WARNING * * *
You feel sick. The goblin hits you with a +0 club.
You die...

#.#####.........÷..###...#
≈#..............##..###.).. ##
≈≈≈≈#.#####.####..####..##..÷#
>#≈≈§≈≈#..####.# #..# ##.###.##
.#≈§#≈≈##.##...# #..# #.# #.##
.#≈≈≈≈≈##.##.### #..## #.###.##
.≈≈≈§§≈#..##.######...####.##....
.≈§≈§≈##..#...g>g..............##
.≈#≈≈≈##.....##g@.#...####.###.##
.§≈≈≈###....###...###...##.# #.##
§≈≈### #..........# ##..##.# #.##
'#######..###.#...# #...#.# #.##
..................## #.....# #...
#.########).###....#####.#.# ####
..# ##.).##........###.#.# # .##
#..#.##.....##..##..## # .#
#.##..#..#.####.###..### #


You could see a hobgoblin and 2 goblins.

Vanquished Creatures
  A gnoll (D:1)
  A dart slug (D:1)
  3 endoplasms (D:1)
  3 giant cockroaches (D:1)
  6 goblins (D:1)
  4 hobgoblins (D:1)
  A quokka (D:1)
  4 ball pythons (D:1)
  A bat (D:1)
  4 kobolds (D:1)
28 creatures vanquished.

Notes
Turn   | Place    | Note
-------+----------+-------------------------------------------
     0 | D:1      | bobregger the Ogre Berserker began the quest for the Orb.
     0 | D:1      | Reached XP level 1. HP: 24/24 MP: 1/1
   213 | D:1      | Found a faded altar of an unknown god.
   263 | D:1      | Reached XP level 2. HP: 14/33 MP: 2/2
   578 | D:1      | Reached XP level 3. HP: 32/40 MP: 3/3
   964 | D:1      | Found Xaprux's Antique Weapon Shoppe.
  1513 | D:2      | Noticed Robin
  1570 | D:1      | HP: 3/61 [poisoned by a goblin]
  1571 | D:1      | Slain by a goblin

Illustrated notes

Levels and vault maps discovered:
D:1:      lightli_molten_gateway, layout_rooms, ebering_ecumenical_altar_rust,
          serial_shops, nicolae_shop_waterfront, minmay_pentomino_v2
D:2:      layout_basic, basic_altar, serial_shops, nicolae_shop_waterfront,
          nicolae_square_shop, nicolae_shop_temple_entry_statues_fountains,
          nicolae_shop_competitors_out_of_business, minmay_cut_off, uniq_robin

Skill      XL: |  1  2  3 |
---------------+----------+-----
Dodging        | 3 |  3.3
Maces & Flails | 3 |  3.0
Fighting       | |  4.9

Action                   || total
-------------------------++-------
Melee: Mace              ||   100
       Punch             ||     1
Invok: Berserk           ||     2
Armor: Animal skin       ||    47
Dodge: Dodged            ||    73
